 Dungeon Crawl Stone Soup version 0.25.0-1-g7eea58d2a3 (webtiles) character file.

Game seed: 10917604305971295586

39 Esekla the Stinger (level 3, -4/17 HPs)
             Began as a Vine Stalker Venom Mage on June 14, 2020.
             Slain by a gnoll
             ... wielding a +0 whip
              (8 damage)
             ... on level 3 of the Dungeon.
             The game lasted 00:09:49 (1220 turns).

Esekla the Stinger (Vine Stalker Venom Mage)        Turns: 1220, Time: 00:09:50

Health: -4/17      AC:  3    Str: 10    XL:     3   Next: 47%
Magic:  0/8        EV: 12    Int: 16    God:
Gold:   13         SH:  0    Dex: 14    Spells: 1/7 levels left

rFire    . . .     SeeInvis .   e - +0 dagger
rCold    + . .     Gourm    .   (no shield)
rNeg     . . .     Faith    .   a - +0 robe
rPois    .         Spirit   +   (no helmet)
rElec    .         Reflect  .   (no cloak)
rCorr    .         Harm     .   h - +0 pair of gloves
MR       .....                  (no boots)
Stlth    ++........             (no amulet)
HPRegen  0.05/turn              f - ring of protection from cold
MPRegen  0.11/turn              (no ring)

@: very slightly contaminated
A: fangs 2, magic shield, antimagic bite, no potion heal 3, rot immunity
a: no special abilities


You were on level 3 of the Dungeon.
You were not hungry.

You visited 1 branch of the dungeon, and saw 4 of its levels.

You collected 13 gold pieces.

Inventory:

Hand Weapons
 d - a +0 hand axe
 e - a +0 dagger (weapon)
Armour
 a - a +0 robe (worn)
 h - a +0 pair of gloves (worn)
Jewellery
 f - a ring of protection from cold (left hand)
Scrolls
 b - a scroll of immolation {unknown}
 g - a scroll of enchant armour {unknown}
Potions
 i - a potion of haste {unknown}
 j - a potion of flight {unknown}
Comestibles
 c - 2 rations
 k - a chunk of flesh


   Skills:
 * Level 0.8 Fighting
 + Level 1.7 Dodging
 - Level 2.4 Stealth
 * Level 2.8 Spellcasting
 * Level 0.6 Conjurations
 - Level 1.0 Transmutations
 * Level 0.9 Air Magic
 + Level 3.3 Poison Magic


You had one spell level left.
You knew the following spells:

 Your Spells              Type           Power        Failure   Level  Hunger
a - Sting                 Tmut/Pois      #...         8%          1    #......
c - Mephitic Cloud        Conj/Pois/Air  #.......     28%         3    ###....
v - Poisonous Vapours     Pois/Air       #.....       12%         2    ##.....

Your spell library contained the following spells:

 Spells                   Type           Power        Failure   Level  Hunger
 Ignite Poison            Fire/Tmut/Pois #.......     32%         3    ###....
 Olgreb's Toxic Radiance  Pois           ##......     43%         4    #####..


Dungeon Overview and Level Annotations

Branches:
Dungeon (4/15)
 Temple: D:4-7

Altars:
Xom


Innate Abilities, Weirdness & Mutations

You have extremely sharp teeth.
When hurt, damage is shared between your health and your magic reserves.
Your bite disrupts and absorbs the magic of your enemies.
Potions cannot restore your health.
You are immune to rotting.


Message History

You are very lightly contaminated with residual magic.
Nothing appears to happen.
The gnoll hits you with a +0 whip!
You hit the gnoll.
The gnoll is lightly wounded.
The gnoll barely misses you.
You hit the gnoll.
The gnoll is lightly wounded.
The gnoll barely misses you.
You hit the gnoll but do no damage.
The gnoll is lightly wounded.
The gnoll hits you with a +0 whip.
* * * LOW HITPOINT WARNING * * *
Casting: Poisonous Vapours (safe; 12% risk of failure)
Confirm with . or Enter, or press ? or * to list all spells.
Aiming: Poisonous Vapours (safe; 12% risk of failure)
Press: ? - help, Dir - move target cursor, f/p - gnoll
Aim: a gnoll, wielding a +0 whip (lightly wounded) Poisonous vapours surround the gnoll!
The gnoll is engulfed in poison gas.
The gnoll is poisoned.
The gnoll hits you with a +0 whip!
You die...

...# ##.# .#.# .#.#
.#.# ########## <..#
#........# .#.#
#........# +###
#........#####
≈≈######.......g@...#
≈≈+.............###.#
≈≈###.##........#
'##.............#
.....##.........#
.....'......#####
.....##...>.....#
....≈############
.†≈.≈≈≈≈≈


You could see a gnoll (poisoned).

Vanquished Creatures
  2 dart slugs
  3 ball pythons
  A giant cockroach (D:3)
  6 goblins (D:1)
  5 hobgoblins (D:1)
  4 jackals (D:1)
  2 kobolds
  A quokka (D:3)
  2 bats (D:1)
  6 rats
32 creatures vanquished.

Notes
Turn   | Place    | Note
-------+----------+-------------------------------------------
     0 | D:1      | Esekla the Vine Stalker Venom Mage began the quest for the
                  | Orb.
     0 | D:1      | Reached XP level 1. HP: 9/9 MP: 4/4
    76 | D:1      | Reached XP level 2. HP: 10/13 MP: 0/6
    81 | D:1      | Learned a level 2 spell: Poisonous Vapours
   699 | D:1      | Reached XP level 3. HP: 12/17 MP: 1/8
   786 | D:1      | Learned a level 3 spell: Mephitic Cloud
  1004 | D:2      | Found a shimmering altar of Xom.
  1220 | D:3      | Slain by a gnoll

Illustrated notes

Levels and vault maps discovered:
D:1:      dpeg_arrival_arbitrary_c, layout_basic
D:2:      layout_rooms, lemuel_doored_altar, first_ration, lemuel_tele_altar
D:3:      layout_basic, serial_rivers, chequers_serial_rivers_micro_c,
          chequers_serial_rivers_micro_d, chequers_serial_rivers_room_b,
          chequers_serial_rivers_micro_c, chequers_serial_rivers_large_a,
          chequers_serial_rivers_large_b, kennysheep_crisscross,
          minmay_liquid_box
D:4:      cheibrodos_pilgrimage, layout_rooms, gammafunk_temple_overflow_wave,
          nicolae_overflow_hidden_temple, portal_sewer_entry_b, uniq_edmund

Action                   || total
-------------------------++-------
Melee: Dagger            ||    36
       Club              ||     7
       Bite              ||     9
 Cast: Sting             ||     5
       Poisonous Vapours ||    21
 Stab: Sleeping          ||     3
  Eat: Chunk             ||     3
Armor: Robe              ||    17
Dodge: Dodged            ||    37
